 Dungeon Crawl Stone Soup version 0.28.0 (webtiles) character file.

Game seed: 6883383849551731714

2664 Crownlay the Thaumaturge (level 9, -9/45 HPs)
             Began as a Gargoyle Earth Elementalist on Feb 18, 2022.
             Was an Initiate of Vehumet.
             Mangled by Erica (11 damage)
             ... on level 9 of the Dungeon.
             The game lasted 00:15:23 (8192 turns).

Crownlay the Thaumaturge (GrEE)                     Turns: 8192, Time: 00:15:24

Health: -9/45      AC: 13    Str: 13    XL:     9   Next: 63%
Magic:  21/21      EV: 11    Int: 25    God:    Vehumet [......]
Gold:   315        SH:  0    Dex: 10    Spells: 20/25 levels left

rFire   . . .      SeeInvis .   y - +5 dire flail (protect)
rCold   . . .      Faith    .   (shield currently unavailable)
rNeg    + . .      Spirit   .   H - +0 steam dragon scales
rPois   ∞          Reflect  .   F - +0 hat
rElec   +          Harm     .   w - +0 cloak
rCorr   +          Rampage  .   (no gloves)
Will    .....                   u - +0 pair of boots
Stlth   +.........              (no amulet)
HPRegen 0.15/turn               f - ring of resist corrosion
MPRegen 0.17/turn               k - +6 ring of intelligence

@: confused
A: sickness immunity, AC +6, negative energy resistance 1, electricity
resistance, torment resistance 1, petrification resistance
a: Renounce Religion


You were on level 9 of the Dungeon.
You worshipped Vehumet.
Vehumet was noncommittal.
You visited 2 branches of the dungeon, and saw 9 of its levels.

You collected 315 gold pieces.

Inventory:

Hand Weapons
 y - a +5 dire flail of protection (weapon)
Missiles
 c - 70 stones
Armour
 u - a +0 pair of boots (worn)
 w - a +0 cloak (worn)
 F - a +0 hat (worn)
 H - +0 steam dragon scales (worn)
Jewellery
 f - a ring of resist corrosion (left hand)
 k - a +6 ring of intelligence (right hand)
 C - a ring of positive energy
 D - an amulet of regeneration
Wands
 b - a wand of polymorph (4)
 p - a wand of iceblast (13)
Scrolls
 a - a scroll of enchant weapon {unknown}
 d - 2 scrolls of vulnerability {unknown}
 e - 3 scrolls of teleportation
 i - a scroll of noise {unknown}
 j - 2 scrolls of enchant armour {unknown}
 l - 5 scrolls of identify {unknown}
 t - a scroll of brand weapon {unknown}
 v - a scroll of fear {unknown}
 A - a scroll of immolation {unknown}
 B - a scroll of torment {unknown}
 E - a scroll of amnesia {unknown}
Potions
 g - 3 potions of lignification {unknown}
 h - 3 potions of heal wounds {unknown}
 m - 3 potions of magic
 n - 2 potions of brilliance {unknown}
 o - a potion of mutation {unknown}
 q - 3 potions of degeneration {unknown}
 r - 2 potions of curing {unknown}
 s - 2 potions of might {unknown}
 x - 2 potions of ambrosia {unknown}
 z - a potion of attraction {unknown}
 G - a potion of experience {unknown}


   Skills:
 - Level 1.5 Dodging
 - Level 2.1 Stealth
 * Level 8.9 Spellcasting
 + Level 7.0 Conjurations
 - Level 0.7 Transmutations
 - Level 8.0 Earth Magic


You had 20 spell levels left.
You knew the following spells:

 Your Spells              Type           Power      Damage    Failure   Level
a - Sandblast             Erth           100%       2d20      1%          1
b - Searing Ray           Conj           92%        2d7       1%          2
c - Passwall              Tmut/Erth      26%        N/A       1%          2

Your spell library contained the following spells:

 Spells                   Type           Power      Damage    Failure   Level
 Magic Dart               Conj           100%       1d8       1%          1
 Stone Arrow              Conj/Erth      96%        3d13      1%          3
 Petrify                  Tmut/Erth      32%        N/A       9%          4
 Fulminant Prism          Conj/Hex       14%        3d9       13%         4
 Summon Guardian Golem    Hex/Summ       11%        N/A       17%         3
 Irradiate                Conj/Tmut      15%        3d18      30%         5
 Orb of Destruction       Conj           23%        9d8       95%         7
 Spellforged Servitor     Conj/Summ      14%        N/A       100%        7
 Sublimation of Blood     Necr           Unusable   N/A       N/A         2

Dungeon Overview and Level Annotations

Branches:
Dungeon (9/15)             Temple (1/1) D:6
   Lair: D:8-11         Orc: D:9-12

Altars:
Ashenzari
Dithmenos
Elyvilon
Fedhas
Hepliaklqana
Kikubaaqudgha
Nemelex Xobeh
Okawaru
Sif Muna
Trog
Uskayaw
Vehumet
Wu Jian
Xom
Yredelemnul
Zin
The Shining One

Annotations:
D:9 Erica


Innate Abilities, Weirdness & Mutations

You are immune to sickness and miasma.
Your stone body is resilient. (AC +6)
You are immune to poison.
You resist negative energy. (rN+)
You are resistant to electric shocks. (rElec)
You are resistant to unholy torment.
You are immune to petrification.


Message History

You finish channelling your searing ray.
Erica points at you and mumbles some strange words.
You resist with significant effort.
Casting: Searing Ray (safe; 1% risk of failure)
Confirm with . or Enter, or press ? or * to list all spells.
Aiming: Searing Ray (safe; 1% risk of failure)
Press: ? - help, Shift-Dir - straight line The searing ray hits Erica!
Erica is moderately wounded. (Press . to maintain the ray.)
The searing ray hits Erica!
Erica is heavily wounded.
The searing ray hits Erica!
Erica is severely wounded.
Erica points at you and mumbles some strange words.
You are confused.
Erica hits you with a +3 scimitar of flaming!
Erica burns you.
You're too confused to cast spells.
You are too confused!
You completely miss Erica.
Erica is severely wounded.
Erica hits you with a +3 scimitar of flaming!
Erica burns you. Erica hits you but does no damage.
You climb downwards.
There is a stone staircase leading up here.
Erica hits you with a +3 scimitar of flaming!
* * * LOW HITPOINT WARNING * * *
Erica burns you.
* * * LOW HITPOINT WARNING * * *
It was a potion of magic.
Magic courses through your body.
Erica hits you with a +3 scimitar of flaming!
You die...

#####............
..........#.#.#.#
##########..........
#............#.#.#.#
#..#####............
#............#.#.#.#
#####...................
.............@...........
.............<@..........
###############.#########
## #..# #..####.#
####..#....# ###
......#.#### ...
......#....# >.
####..####.#.# ## #...#


You could see Erica.

Vanquished Creatures
  Grinder (D:4)
  Sigmund (D:2)
  A steam dragon (D:6)
  Edmund (D:5)
  An acid dragon (D:8)
  4 sky beasts (D:5)
  A black bear (D:5)
  2 ogres (D:5)
  2 centaurs
  A kobold brigand (D:6)
  A bullfrog (D:6)
  A gnoll sergeant (D:3)
  A wyvern zombie (D:5)
  3 scorpions
  A centaur zombie (D:8)
  2 jellies
  An orc priest (D:5)
  7 hounds
  Crazy Yiuf (D:6)
  A centaur skeleton (D:5)
  4 iguanas
  4 orc wizards (D:5)
  2 hound skeletons (D:4)
  3 adders
  A shadow imp (D:5)
  2 white imps (D:6)
  A worm (D:3)
  4 dart slugs
  9 orcs
  6 endoplasms
  5 giant cockroaches
  6 goblins
  A hobgoblin (D:2)
  3 jackals
  12 kobolds
  2 quokkas (D:1)
  5 ball pythons
  4 bats
  3 frilled lizards
  7 rats
118 creatures vanquished.

Notes
Turn   | Place    | Note
-------+----------+-------------------------------------------
     0 | D:1      | Crownlay the Gargoyle Earth Elementalist began the quest
                  | for the Orb.
     0 | D:1      | Reached XP level 1. HP: 10/10 MP: 3/3
    82 | D:1      | Found a faded altar of an unknown god.
   215 | D:1      | Reached XP level 2. HP: 15/15 MP: 3/5
   838 | D:2      | Reached XP level 3. HP: 18/19 MP: 7/7
   957 | D:2      | Noticed Sigmund
   971 | D:2      | Killed Sigmund
   972 | D:2      | Reached XP level 4. HP: 3/24 MP: 3/10
   972 | D:2      | Reached XP level 5. HP: 4/28 MP: 3/11
  1834 | D:2      | Reached skill level 5 in Earth Magic
  1848 | D:2      | Reached XP level 6. HP: 19/32 MP: 12/12
  2199 | D:3      | Found a shimmering altar of Xom.
  2200 | D:3      | Found a hazy altar of Hepliaklqana.
  2201 | D:3      | Noticed a spectral ugly thing
  2252 | D:3      | Learned a level 2 spell: Searing Ray
  2258 | D:3      | Learned a level 2 spell: Passwall
  3147 | D:3      | Found a blossoming altar of Fedhas.
  3156 | D:3      | Found a basalt altar of Yredelemnul.
  3157 | D:3      | Found a hide-covered altar of Uskayaw.
  3158 | D:3      | Found a white marble altar of Elyvilon.
  3522 | D:4      | Reached skill level 5 in Spellcasting
  3522 | D:4      | Reached XP level 7. HP: 36/36 MP: 12/14
  4172 | D:4      | Noticed an angel
  4172 | D:4      | Noticed Grinder
  4178 | D:4      | Killed Grinder
  4252 | D:4      | Found a glowing silver altar of Zin.
  4749 | D:5      | Entered Level 5 of the Dungeon
  4841 | D:5      | Reached XP level 8. HP: 37/41 MP: 7/17
  5366 | D:5      | Reached skill level 5 in Conjurations
  5433 | D:5      | Noticed Edmund
  5445 | D:5      | Killed Edmund
  5879 | D:5      | Reached XP level 9. HP: 45/45 MP: 17/20
  6116 | D:5      | Found an ancient bone altar of Kikubaaqudgha.
  6969 | D:6      | Found a staircase to the Ecumenical Temple.
  6983 | Temple   | Entered the Ecumenical Temple
  7019 | Temple   | Became a worshipper of Vehumet
  7068 | D:6      | Found an iron altar of Okawaru.
  7506 | D:6      | Found a runed translucent door.
  7507 | D:6      | Noticed Crazy Yiuf
  7512 | D:6      | Killed Crazy Yiuf
  7575 | D:6      | You fall into a shaft and drop 3 floors!
  8176 | D:8      | Noticed Erica
  8191 | D:9      | HP: 2/45 [Erica (4)]
  8192 | D:9      | Mangled by Erica

Illustrated notes

Levels and vault maps discovered:
D:1:      tarquinn_simple_flora_water_b, layout_basic,
          shapermc_ecumenical_altar_totnotflames
D:2:      minmay_chambers_of_ones, layout_loops_ring, minmay_split_cup_large,
          uniq_sigmund
D:3:      layout_loops_corners, regret_index_temple_of_mockery, minitemple,
          roderic_roman_lattice, kennysheep_minor_cross, minmay_pentomino_pile
D:4:      layout_cave_pods, zin_angel, uniq_grinder
D:5:      layout_loops_corners, lemuel_tele_altar, kennysheep_generic_room_11,
          uniq_edmund
D:6:      layout_layer_cave, lemuel_coloured_pillars_altar,
          mainiacjoe_overflow_small_starburst, minmay_temple_entry_mist,
          uniq_crazy_yiuf_cottage
D:8:      kennysheep_big_flooded_room, layout_cave_pools, lair_entry_dummy,
          hellmonk_ghost_big_iron, minmay_unpleasant_kobolds, uniq_erica,
          uniq_psyche
D:9:      layout_long_grid, serial_co_window_serial, co_window_paths_a,
          co_window_paths_a, co_window_of_opportunity_a, co_window_corner_a,
          co_window_of_opportunity_a, co_window_of_opportunity_a,
          co_window_corner_b, co_window_corner_cb, co_window_broadway_c,
          co_window_corner_b, co_window_corner_b, co_window_4corner_a,
          co_window_paths_e, glass_columns_c, glass_columns_a,
          minmay_protected_statue, uniq_gastronok
Temple:   cyrus_temple_forest

Skill      XL: |  1  2  3  4  5  6  7  8  9 |
---------------+----------------------------+-----
Earth Magic    | 4 5 6 7 8 |  8.0
Spellcasting   | 4 5 6 7 8 |  8.9
Conjurations   | 2 3 4 5 7 |  7.0
Dodging        | |  1.5
Stealth        | |  2.1
Transmutations | |  0.7

Action                   |  1- 3 |  4- 6 |  7- 9 || total
-------------------------+-------+-------+-------++-------
Melee: Dagger            |    25 |       |       ||    25
       Scythe            |       |    80 |    13 ||    93
       Dire flail        |       |       |     9 ||     9
 Cast: Sandblast         |    15 |    19 |    76 ||   110
       Searing Ray       |       |     3 |    28 ||    31
  Use: Scroll            |       |       |     1 ||     1
       Potion            |       |       |     1 ||     1
 Stab: Sleeping          |     5 |     8 |     1 ||    14
Armor: Robe              |     5 |    48 |    52 ||   105
       Steam dragon scal |       |       |     3 ||     3
Dodge: Dodged            |    11 |    72 |    51 ||   134
